 Dungeon Crawl Stone Soup version 0.15.2 (webtiles) character file.

86 MuhBandages the Ruffian (level 4, 0/35 HPs)
             Began as a Mummy Monk on Nov 3, 2015.
             Killed by divine providence
             ... invoked by an orc priest
              (12 damage)
             ... on Level 3 of the Dungeon.
             The game lasted 00:04:12 (3134 turns).

MuhBandages the Ruffian (Mummy Monk)                Turns: 3134, Time: 00:04:12

HP   0/35        AC  2     Str 15      XL: 4   Next: 27%
MP   4/4         EV 12     Int  9      God:
Gold 126         SH  3     Dex 14      Spells:  0 memorised,  3 levels left

rFire  x . .     SeeInvis .       - Unarmed
rCold  + . .     Clarity  .     (no armour)
rNeg   + + +     rCorr    .     g - +0 buckler
rPois  +         rRot     +     (no helmet)
rElec  .         Spirit   .     f - +1 cloak
SustAb .         Warding  .     (no gloves)
rMut   .         Stasis   .     (no boots)
Gourm  .                        (no amulet)
MR     .....                    (no ring)
                                (no ring)

@: not resistant to hostile enchantments, unstealthy
A: no food or potions, fire vulnerability, restore body, cold resistance 1,
negative energy resistance 3, poison resistance, torment resistance, unbreathing
a: no special abilities


You were on level 3 of the Dungeon.
You were not hungry.

You visited 1 branch of the dungeon, and saw 3 of its levels.

You collected 126 gold pieces.


Innate Abilities, Weirdness & Mutations

You do not eat or drink.
Your flesh is vulnerable to fire.
Your flesh is cold resistant.
You are immune to negative energy.
Your system is resistant to poisons.
You are immune to unholy pain and torment.
You can survive without breathing.


   Skills:
 - Level 3.0 Fighting
 - Level 2.4 Dodging
 - Level 1.5 Stealth
 + Level 4.8 Unarmed Combat


You had 3 spell levels left.
You didn't know any spells.

Inventory:

Armour
 f - a +1 cloak (worn)
 g - a +0 buckler (worn)
Comestibles
 a - 3 fruits
Scrolls
 b - a scroll of fog
 c - a scroll of amnesia
 d - a scroll of enchant weapon
 e - a scroll of recharging {unknown}
 h - 2 scrolls of remove curse
 i - a scroll of random uselessness {unknown}
 j - a scroll of blinking {unknown}

Dungeon Overview and Level Annotations

Branches:
Dungeon (3/15)

Altars:

#.# #.# #.# #.# . #.# #.# .
#(# #.# .#####.# #.# #.#
#.# #.# ....##.##.# #.# #.#
#.# #.# #.........#
#)####.# #.# #.#
#.#.##.#### #.<..#.# #.#
#.# #.#.##.# #.%....# #.#
#.# #o#o##.# #......# #.#
#.#.##.#########@.....###.#
o.#.##...........o.>#.....#
#o#..[..#.###.####..#.#####
#.#####.#.# #.........# .
#.o.# #......[..#
#.b.......................
#########################


You could see an orc priest.


Message History

The orc priest is moderately wounded.
The orc priest hits you with a hand axe.
You closely miss the orc priest.
The orc priest is moderately wounded.
You barely miss the orc priest.
The orc priest is moderately wounded.
The orc priest hits you with a hand axe.
You hit the orc priest but do no damage.
The orc priest is moderately wounded.
The orc priest hits you with a hand axe.
* * * LOW HITPOINT WARNING * * *
You barely miss the orc priest.
The orc priest is moderately wounded.
The orc priest barely misses you.
You hit the orc priest.
The orc priest is heavily wounded.
The orc priest barely misses you.
You closely miss the orc priest.
The orc priest is heavily wounded.
The orc priest mumbles some strange prayers to Beogh against you.
You are unaffected.
You hit the orc priest.
The orc priest is almost dead.
The orc priest calls down the wrath of Beogh upon you.
You are unaffected.
You closely miss the orc priest.
The orc priest is almost dead.
The orc priest mumbles some strange prayers to Beogh against you.
Something smites you!
You die...

Action                   |  1- 3 |  4- 6 || total
-------------------------+-------+-------++-------
Melee: Unarmed           |   140 |    44 ||   184
  Use: Scroll            |     4 |     2 ||     6
 Stab: Sleeping          |     5 |       ||     5
       Distracted        |       |     2 ||     2

Vault maps used:
D:1:      zelgadis_glass_arrival_large, minivault_19

Notes
Turn   | Place    | Note
--------------------------------------------------------------
     0 | D:1      | MuhBandages, the Mummy Monk, began the quest for the Orb.
     0 | D:1      | Reached XP level 1. HP: 18/18 MP: 1/1
   274 | D:1      | Reached XP level 2. HP: 18/24 MP: 2/2
   954 | D:1      | Reached skill level 4 in Unarmed Combat
  1545 | D:1      | Reached XP level 3. HP: 29/29 MP: 3/3
  2546 | D:3      | Reached XP level 4. HP: 9/35 MP: 4/4
  3134 | D:3      | Killed from afar by an orc priest

Vanquished Creatures
  3 adders
  A giant mite (D:2)
  3 giant geckos
  An ooze (D:1)
  2 orcs (D:3)
  7 hobgoblins
  7 jackals
  3 kobolds
  7 bats
  4 giant newts
  4 goblins
  A hobgoblin skeleton (D:3)
  6 rats
49 creatures vanquished.
